 Dungeon Crawl Stone Soup version 0.17.1-3-g152610e (webtiles) character file.

508 Gargoyl the Skirmisher (level 6, -3/49 HPs)
             Began as a Demonspawn Abyssal Knight on Feb 26, 2016.
             Was a Priest of Lugonu.
             Slain by a scorpion (6 damage)
             ... on level 4 of the Dungeon.
             The game lasted 00:10:39 (3696 turns).

Gargoyl the Skirmisher (Demonspawn Abyssal Knight)  Turns: 3696, Time: 00:10:39

Health: -3/49      AC: 11    Str: 15    XL:     6   Next: 98%
Magic:  8/8        EV:  7    Int: 13    God:    Lugonu [***...]
Gold:   306        SH:  0    Dex: 12    Spells: 0 memorised, 5 levels left

rFire  . . .     SeeInvis .     a - +2 hand axe
rCold  . . .     Clarity  .     i - +1 chain mail
rNeg   . . .     SustAt   .     (no shield)
rPois  .         Gourm    .     (helmet restricted)
rElec  .         Spirit   .     (no cloak)
rCorr  .         Warding  .     (no gloves)
rMut   .         Stasis   .     (no boots)
MR     .....                    (no amulet)
Stlth  ..........               (no ring)
                                c - ring of flight

@: lethally poisoned (-3 -> -13), very slightly contaminated, not resistant to
hostile enchantments, extremely unstealthy
A: antennae 1, icy blue scales 1, powered by pain 1
a: Depart the Abyss, Bend Space, Banish, Renounce Religion, Evoke Flight


You were on level 4 of the Dungeon.
You worshipped Lugonu.
Lugonu was most pleased with you.
You were not hungry.

You visited 1 branch of the dungeon, and saw 4 of its levels.
You visited the Abyss 1 time.

You collected 306 gold pieces.

Inventory:

Hand Weapons
 a - a +2 hand axe (weapon)
Missiles
 t - 3 steel javelins (quivered)
Armour
 i - a +1 chain mail (worn)
Jewellery
 c - a ring of flight (left hand)
Scrolls
 g - 2 scrolls of identify
 h - 3 scrolls of fog
Potions
 p - a potion of heal wounds {unknown}
 r - a potion of mutation {unknown}
 s - a potion of might {unknown}
Comestibles
 n - a slice of pizza
 v - a meat ration


   Skills:
 + Level 4.6 Fighting
 + Level 3.3 Axes
 + Level 0.5 Throwing
 + Level 3.8 Armour
 + Level 2.7 Dodging
 + Level 1.4 Stealth
 + Level 3.1 Invocations
 + Level 0.2 Evocations


You had 5 spell levels left.
You didn't know any spells.

Dungeon Overview and Level Annotations

Branches:
Dungeon (4/15)
 Temple: D:4-7

Altars:
Fedhas
Kikubaaqudgha
Makhleb
Qazlal
Zin


Innate Abilities, Weirdness & Mutations

You have a pair of small antennae on your head.
You are partially covered in icy blue scales (AC +1).
You sometimes gain a little power by taking damage.


Message History

The scorpion stings you.
* * * LOW HITPOINT WARNING * * *
You are lethally poisoned!
The scorpion poisons you!
You hit the scorpion.
The scorpion is moderately wounded.
* * * LOW HITPOINT WARNING * * *
You feel sick.
The scorpion stings you but does no damage.
The scorpion closely misses you.
You slash the scorpion!
The scorpion is severely wounded.
* * * LOW HITPOINT WARNING * * *
You feel sick. The scorpion stings you.
* * * LOW HITPOINT WARNING * * *
Your chain mail prevents you from hitting the scorpion.
The scorpion is severely wounded.
* * * LOW HITPOINT WARNING * * *
You feel sick. The scorpion stings you.
You die...

,,* *,,*,*,**,*,* *,,,,,,,,*
,,* ***,,*.#.##**,****,,,,,,,*
,,****,*,,,,....,,,,,,*,,,,,,,*
,,,,,,,#,***#..#**,,,,,,,,,,,,*
.#####,#.* *..# *,#*,**,,,,,,*
.....#o#.###*#.##*.##,**,,,,,,*
#.##.#o*,...*#..##..#.#*,,,,,,*
#.#(..,**#.#*#...s....#*,,,,,,*
..#.)##* #.###..@#...,,,,******
..#.(.####...........#**,*
.<#.))##)....#.#.#...#**,*
...(.)†.....##.#......>.,*
..#.#.##.#..##.##..#[###**
..#.#.##.#..##..,....#
.##.#.##........,.>###
.##.#.####..........,*
###.#.#**#.######***,*


You could see a scorpion.

Vanquished Creatures
  Sigmund (D:4)
  The ghost of Metrazal the Sneak, an amateur SpAs (D:3)
  An orc wizard (D:4)
  2 orc priests (D:4)
  A worker ant zombie (D:2)
  Robin (D:3)
  3 adders
  An ooze (D:1)
  An adder zombie (D:2)
  An adder skeleton (D:2)
  A worm (D:2)
  3 giant geckos
  2 orcs (D:4)
  A ball python (D:2)
  9 bats
  2 bat zombies (D:2)
  A giant cockroach (D:1)
  9 hobgoblins
  15 jackals
  A quokka (D:2)
  5 giant newts
  21 goblins
  11 kobolds
  4 rats
98 creatures vanquished.

Vanquished Creatures (others)
  An adder (D:4)
1 creature vanquished.

Grand Total: 99 creatures vanquished

Notes
Turn   | Place    | Note
--------------------------------------------------------------
     0 | Abyss:1  | Gargoyl the Demonspawn Abyssal Knight began the quest for the Orb.
     0 | Abyss:1  | Reached XP level 1. HP: 18/18 MP: 2/2
    89 | Abyss:1  | Found a corrupted altar of Lugonu.
   113 | Abyss:1  | Found a corrupted altar of Lugonu.
   190 | Abyss:1  | Noticed a spatial maelstrom
   190 | Abyss:1  | Noticed a spatial vortex
   190 | Abyss:1  | Noticed a wretched star
   192 | D:1      | Escaped the Abyss
   472 | D:1      | Gained mutation: You have a pair of small antennae on your head. [demonic ancestry]
   472 | D:1      | Reached XP level 2. HP: 16/24 MP: 4/4
   569 | D:1      | Reached * piety under Lugonu
   656 | D:1      | Reached skill level 1 in Dodging
  1188 | D:2      | Reached XP level 3. HP: 13/29 MP: 5/5
  1548 | D:2      | Found a stormy altar of Qazlal.
  1654 | D:2      | Gained mutation: You sometimes gain a little power by taking damage. [demonic ancestry]
  1654 | D:2      | Reached XP level 4. HP: 37/37 MP: 6/6
  1775 | D:2      | Reached ** piety under Lugonu
  2163 | D:2      | Found a blossoming altar of Fedhas.
  2165 | D:2      | Found an ancient bone altar of Kikubaaqudgha.
  2262 | D:2      | Found a glowing silver altar of Zin.
  2262 | D:2      | Found a burning altar of Makhleb.
  2263 | D:2      | Noticed a cacodemon
  2263 | D:2      | Noticed an angel
  2872 | D:3      | Reached skill level 4 in Fighting
  2940 | D:3      | Noticed Metrazal's ghost (amateur SpAs)
  2998 | D:3      | Killed Metrazal's ghost
  2998 | D:3      | Reached XP level 5. HP: 27/42 MP: 7/7
  3123 | D:3      | Reached *** piety under Lugonu
  3236 | D:3      | Noticed Robin
  3250 | D:3      | Killed Robin
  3632 | D:4      | Noticed Sigmund
  3637 | D:4      | Gained mutation: You are partially covered in icy blue scales (AC +1). [demonic ancestry]
  3637 | D:4      | Reached XP level 6. HP: 44/49 MP: 8/8
  3664 | D:4      | Killed Sigmund
  3664 | D:4      | Reached skill level 1 in Stealth
  3696 | D:4      | Slain by a scorpion

Action                   |  1- 3 |  4- 6 || total
-------------------------+-------+-------++-------
Melee: Hand axe          |   114 |   284 ||   398
Throw: Javelin           |       |     7 ||     7
Invok: Depart the Abyss  |     1 |       ||     1
 Abil: Evoke Flight      |       |     1 ||     1
  Use: Scroll            |       |     8 ||     8
       Potion            |       |     5 ||     5
 Stab: Invisible         |       |     5 ||     5
  Eat: Chunk             |     3 |     3 ||     6
       Bread ration      |       |     1 ||     1
